 Dungeon Crawl Stone Soup version 0.31-a0-232-gb1c03b2570 (webtiles) character file.

Game seed: 18128087188488306257

223 qw the Shooter (level 6, -1/36 HPs)
             Began as a Gargoyle Hexslinger on July 7, 2023.
             Slain by Natasha (6 damage)
             ... on level 2 of the Dungeon.
             The game lasted 00:00:41 (1316 turns).

qw the Shooter (Gargoyle Hexslinger)                Turns: 1316, Time: 00:00:42

Health: -1/36      AC:  7    Str: 11    XL:     6   Next: 0%
Magic:  7/7        EV: 12    Int: 14    God:
Gold:   134        SH:  0    Dex: 14    Spells: 6/7 levels left

rFire   . . .        Y - +1 sling
rCold   + . .        (no shield)
rNeg    + . .        c - +0 robe
rPois   inf          f - +0 helmet
rElec   +            (no cloak)
rCorr   .            (no gloves)
SInv    .            (no boots)
Will    .....        (no amulet)
Stlth   +            h - ring of protection from cold
HPRegen 0.26/turn    (no ring)
MPRegen 0.10/turn

%: no passive effects
@: no status effects
A: sickness immunity, AC +4, negative energy resistance 1, electricity
resistance, torment resistance 1, petrification resistance
a: no special abilities


You were on level 2 of the Dungeon.
You visited 1 branch of the dungeon, and saw 3 of its levels.

You collected 134 gold pieces.


Innate Abilities, Weirdness & Mutations

You are immune to sickness and miasma.
Your stone body is resilient. (AC +4)
You are immune to poison.
You resist negative energy. (rN+)
You are resistant to electric shocks. (rElec)
You are resistant to unholy torment.
You are immune to petrification.


   Skills:
 + Level 2.6 Fighting
 - Level 5.5 Ranged Weapons
 - Level 1.5 Dodging
 - Level 1.0 Spellcasting
 - Level 2.6 Hexes


You had 6 spell levels left.
You knew the following spells:

 Your Spells              Type           Power      Damage    Failure   Level
a - Slow                  Hex            32%        N/A       9%          1

Your spell library contained the following spells:

 Spells                   Type           Power      Damage    Failure   Level
 Inner Flame              Hex/Fire       4%         N/A       41%         3
 Portal Projectile        Hex/Tloc       8%         N/A       41%         3
 Cause Fear               Hex            4%         N/A       65%         4

Inventory:

Hand Weapons
 Y - a +1 sling (weapon)
Armour
 c - a +0 robe (worn)
 f - a +0 helmet (worn)
Jewellery
 h - a ring of protection from cold (left hand)
Scrolls
 a - 2 scrolls of identify
Potions
 b - a potion of curing
 d - a potion of cancellation
 g - 3 potions of mutation

Dungeon Overview and Level Annotations

Branches:
Dungeon (3/15)

Altars:

Annotations:
D:2 Natasha


Message History

The sling bullet barely misses the adder.
The adder bites you but does no damage. x2
Natasha stares at you and mumbles some strange words.
You resist with some effort.
You shoot a sling bullet. The sling bullet hits the adder.
The adder is almost dead.
The adder closely misses you. Natasha closely misses you.
You shoot a sling bullet.
The sling bullet barely misses the adder.
The adder bites you but does no damage. Natasha misses you.
The adder bites you but does no damage.
You shoot a sling bullet. The sling bullet hits the adder.
The adder is almost dead.
The adder bites you but does no damage. Natasha claws you.
You shoot a sling bullet.
The sling bullet completely misses the adder.
The adder closely misses you. Natasha casts a spell at you.
The magic dart hits you! The adder misses you.
You shoot a sling bullet. The sling bullet hits the adder.
You kill the adder!
Natasha closely misses you.
You have reached level 6!
You shoot a sling bullet. The sling bullet barely misses Natasha.
Natasha casts a spell.
Natasha claws you but does no damage.
You shoot a sling bullet. The sling bullet hits Natasha.
Natasha is lightly wounded.
The cerulean imp hits you with a +2 spear.
Natasha claws you but does no damage.
You shoot a sling bullet. The sling bullet hits Natasha.
Natasha is heavily wounded.
The cerulean imp hits you but does no damage.
Natasha casts a spell at you. The magic dart hits you.
You shoot a sling bullet.
The sling bullet completely misses Natasha.
The cerulean imp hits you but does no damage.
Natasha claws you.
You die...

....#......##.#.#.# #.#..#.#
###.####.#....#.#.# #.#..#.#
#.# #.#....#<#.# #.#..#.# #.#
#.###...##.# #.#..#.# #.#
#..........######..<.#.#
#.##########.#####.....####!#
#...........................#
############.5.........######
#...........h@........#
#.........###.%.......#
#.........# #.........#
#.........# #.........#
####'###### #.........#
#######.# #.........#
........# #.........#
######### #.........#
###########


You could see Natasha and a cerulean imp (summoned).

Vanquished Creatures
  Sigmund (D:2)
  2 adders (D:2)
  4 ball pythons
  7 endoplasms
  3 giant cockroaches (D:2)
  8 goblins
  3 hobgoblins
  A quokka (D:2)
  4 bats (D:2)
  3 frilled lizards
  3 kobolds
  3 rats
42 creatures vanquished.

Notes
Turn   | Place    | Note
-------+----------+-------------------------------------------
     0 | D:1      | qw the Gargoyle Hexslinger began the quest for the Orb.
     0 | D:1      | Reached XP level 1. HP: 12/12 MP: 2/2
     0 | D:1      | 0 ||| qw: Version: 0.3-a-46-gb1f654a
     0 | D:1      | 0 ||| qw: Game counter: 2354
     0 | D:1      | 0 ||| qw: Melee chars always use a shield: true
     0 | D:1      | 0 ||| qw: God list: Okawaru
     0 | D:1      | 0 ||| qw: Allow faded altars: false
     0 | D:1      | 0 ||| qw: Do Orc after clearing Dungeon:15 true
     0 | D:1      | 0 ||| qw: Do second Lair branch before Depths: true
     0 | D:1      | 0 ||| qw: Lair rune preference: random
     0 | D:1      | 0 ||| qw: Goals: Normal
     0 | D:1      | 0 ||| PLANNING D:1-11
    58 | D:1      | 58 ||| FLEEEEING.
    65 | D:1      | Reached XP level 2. HP: 16/16 MP: 3/3
   221 | D:1      | Reached skill level 3 in Ranged Weapons
   502 | D:1      | 502 ||| UPGRADING to +0 helmet.
   507 | D:1      | 507 ||| READING 3 scrolls labelled JOHEAB OVVAUGOE.
   508 | D:1      | 508 ||| READING 2 scrolls labelled DUINNI PEX.
   509 | D:1      | 509 ||| READING 2 scrolls of identify.
   509 | D:1      | 509 ||| IDENTIFYING inky potion
   510 | D:1      | 510 ||| DROPPING scroll of poison.
   511 | D:1      | 511 ||| DROPPING scroll of fog.
   534 | D:2      | Reached XP level 3. HP: 21/21 MP: 4/4
   714 | D:2      | Noticed Sigmund
   715 | D:2      | 715 ||| FLEEEEING.
   716 | D:2      | 716 ||| FLEEEEING.
   717 | D:2      | 717 ||| FLEEEEING.
   718 | D:2      | 718 ||| FLEEEEING.
   719 | D:2      | 719 ||| FLEEEEING.
   720 | D:2      | 720 ||| FLEEEEING.
   729 | D:2      | 729 ||| FLEEEEING.
   743 | D:2      | Killed Sigmund
   744 | D:2      | Reached skill level 5 in Ranged Weapons
   744 | D:2      | Reached XP level 4. HP: 14/26 MP: 5/5
   744 | D:2      | Reached XP level 5. HP: 16/30 MP: 6/6
  1279 | D:2      | 1279 ||| UPGRADING to ring of protection from cold.
  1280 | D:2      | 1280 ||| READING scroll labelled WINESCHENLU.
  1281 | D:2      | 1281 ||| READING 5 scrolls of identify.
  1281 | D:2      | 1281 ||| IDENTIFYING fuming white potion
  1282 | D:2      | 1282 ||| READING 4 scrolls of identify.
  1282 | D:2      | 1282 ||| IDENTIFYING bubbling black potion
  1283 | D:2      | 1283 ||| READING 3 scrolls of identify.
  1283 | D:2      | 1283 ||| IDENTIFYING fuming cyan potion
  1284 | D:2      | 1284 ||| DROPPING potion of ambrosia.
  1300 | D:3      | Noticed Natasha
  1304 | D:3      | 1304 ||| STAIRDANCE
  1313 | D:2      | Reached XP level 6. HP: 12/36 MP: 7/7
  1314 | D:2      | HP: 9/36 [cerulean imp/+2 spear[Natasha] (4)]
  1315 | D:2      | HP: 4/36 [Natasha/magic dart (5)]
  1316 | D:2      | Slain by Natasha

Levels and vault maps discovered:
D:1:      dpeg_arrival_line_fractal, layout_rooms, serial_glass,
          glass_columns_a, glass_columns_c, glass_columns_b, glass_columns_c,
          glass_columns_b, grunt_decor_arrowhead
D:2:      layout_basic, dk_noncrumbling_2, uniq_sigmund
D:3:      layout_loops_ring, eat_drink_and_be_merry_uskayaw,
          lemuel_coloured_pillars_altar, tgw_kikubaaqudgha,
          minmay_curled_crystal, minmay_lizard_king, uniq_ijyb, uniq_grinder,
          uniq_natasha

Skill      XL: |  1  2  3 |
---------------+----------+-----
Ranged Weapons | 3 5 |  5.5
Fighting       | 2 |  2.6
Dodging        | |  1.5
Spellcasting   | |  1.0
Hexes          | |  2.6

Action                     |  1- 3 |  4- 6 || total
---------------------------+-------+-------++-------
   Fire: Sling             |   130 |    40 ||   170
    Use: Scroll            |     3 |     4 ||     7
 Armour: Robe              |    33 |    13 ||    46
  Dodge: Dodged            |    45 |    16 ||    61

Table legend:
 A = Non-vault XP
 B = Vault XP
 C = Vault XP percentage of total XP
 D = Non-vault monster count
 E = Vault monster count
 F = Vault count percentage of total count
                 A         B        C        D         E       F
            +---------+---------+-------+---------+---------+-------
      Total |      93 |     226 |  70.8 |      41 |       1 |   2.4
            +---------+---------+-------+---------+---------+-------
        D:1 |      32 |       0 |   0.0 |      18 |       0 |   0.0
        D:2 |      61 |     226 |  78.7 |      23 |       1 |   4.2
            +---------+---------+-------+---------+---------+-------
